 Dungeon Crawl Stone Soup version 0.20.0-8-g6b59dc7 (webtiles) character file.

37 MDvedh the Caller (level 3, 0/22 HPs)
             Began as a Gargoyle Summoner on June 2, 2017.
             Slain by a goblin
             ... wielding a +0 club
             ... led by Robin
              (1 damage)
             ... on level 2 of the Dungeon.
             The game lasted 00:02:50 (1671 turns).

MDvedh the Caller (Gargoyle Summoner)               Turns: 1671, Time: 00:02:51

Health: 0/22       AC:  7    Str: 12    XL:     3   Next: 39%
Magic:  5/5        EV: 12    Int: 15    God:
Gold:   125        SH:  0    Dex: 10    Spells: 5/6 levels left

rFire    . . .     SeeInvis .   f - +0 mace
rCold    . . .     Gourm    .   (no shield)
rNeg     + . .     Faith    .   a - +0 robe
rPois    ∞         Spirit   .   (no helmet)
rElec    +         Reflect  .   (no cloak)
rCorr    .         Harm     .   (no gloves)
MR       .....                  (no boots)
Stlth    ++........             (no amulet)
Regen    0.1/turn               (no ring)
MPRegen  0.1/turn               (no ring)

@: no status effects
A: molten scales 1, low mp 1, negative energy resistance 1, robust 1,
electricity resistance, unbreathing, petrification resistance, rot immunity, AC
+3
a: no special abilities


You were on level 2 of the Dungeon.
You were hungry.

You visited 1 branch of the dungeon, and saw 2 of its levels.

You collected 125 gold pieces.

Inventory:

Hand Weapons
 d - a +0 whip
 f - a +0 mace (weapon)
Armour
 a - a +0 robe (worn)
Jewellery
 e - a +4 ring of intelligence {unknown}
 i - an uncursed ring of magical power {unknown}
Scrolls
 g - 2 scrolls of magic mapping
 j - 3 scrolls of identify
 m - a scroll of enchant weapon {unknown}
Books
 b - a book of Callings

   Spells                             Type                      Level
   a - Summon Small Mammal            Summoning                    1
   b - Call Imp                       Summoning                    2
   c - Call Canine Familiar           Summoning                    3
   d - Summon Guardian Golem          Hexes/Summoning              3
   e - Summon Lightning Spire         Summoning/Air                4
   f - Summon Ice Beast               Ice/Summoning                4
Comestibles
 c - a bread ration


   Skills:
 + Level 1.2 Fighting
 * Level 1.9 Maces & Flails
 + Level 1.5 Armour
 - Level 1.5 Dodging
 - Level 2.1 Stealth
 - Level 2.0 Spellcasting
 - Level 3.6 Summonings


You had 5 spell levels left.
You knew the following spells:

 Your Spells              Type           Power        Failure   Level  Hunger
a - Summon Small Mammal   Summ           ##..         4%          1    #......


Dungeon Overview and Level Annotations

Branches:
Dungeon (2/15)

Altars:


Innate Abilities, Weirdness & Mutations

You are resistant to torment.
Your stone body is resilient. (AC +3)
You are immune to poison.
You resist negative energy. (rN+)
You are resistant to electric shocks. (rElec)
You can survive without breathing.
You are immune to petrification.
You are immune to rotting.
You are partially covered in molten scales. (AC +2)
Your magical capacity is low. (-10% MP)
You are robust. (+10% HP)


Message History

You closely miss the goblin. The goblin hits you but does no damage.
You are feeling hungry.
You hit the goblin but do no damage.
The goblin no longer looks unusually strong.
The goblin misses you.
The hobgoblin hits you but does no damage.
You barely miss the goblin. The goblin closely misses you.
Unknown command.
You hit the hobgoblin.
The hobgoblin is severely wounded.
The hobgoblin hits you but does no damage.
The goblin misses you. The goblin hits you but does no damage.
The hobgoblin hits you with a club.
* * * LOW HITPOINT WARNING * * *
The goblin hits you but does no damage. The goblin closely misses you.
You aren't carrying any potions.
As you read the scroll labeled OSONWES NUOJU, it crumbles to dust.
You feel blessed for a moment.
It was a scroll of remove curse.
The goblin hits you with a club.
You die...

#........g...##.# #.#........
#....[..g.....#(#####.#.#######
#...........#.#.......#.# #
....##########.#.####..#.# #
##### #...#.....#.#######
##..#.##..........#
#g)#.#...#.#####.#
#gg#.#..##.#..<#.#
#@g#.#.....#...#.#
#.>#.#.#####...#.# ####.#.#
#.).#.# #.#.#####...#.#
#.#...........# #.#...........#
#.#............
#.#.#..........##
#.#.#.######.....


You could see a hobgoblin and 3 goblins.

Vanquished Creatures
  Robin (D:2)
  A giant cockroach (D:1)
  7 goblins
  7 hobgoblins
  A quokka (D:2)
  2 bats (D:1)
  3 kobolds
  2 rats
24 creatures vanquished.

Notes
Turn   | Place    | Note
-------+----------+-------------------------------------------
     0 | D:1      | MDvedh the Gargoyle Summoner began the quest for the Orb.
     0 | D:1      | Reached XP level 1. HP: 10/10 MP: 3/3
   343 | D:1      | Reached XP level 2. HP: 12/16 MP: 5/5
   472 | D:1      | Reached skill level 1 in Maces & Flails
   622 | D:1      | Reached skill level 1 in Armour
   990 | D:2      | Reached skill level 1 in Fighting
  1633 | D:2      | Noticed Robin
  1649 | D:2      | Reached XP level 3. HP: 20/20 MP: 6/6
  1656 | D:2      | Gained mutation: Your magical capacity is low. (-10% MP) [potion of mutation]
  1656 | D:2      | Gained mutation: You are partially covered in molten scales. (AC +2) [potion of mutation]
  1656 | D:2      | Gained mutation: You are robust. (+10% HP) [potion of mutation]
  1663 | D:2      | Killed Robin
  1670 | D:2      | HP: 1/22 [hobgoblin/club[Robin] (3)]
  1671 | D:2      | Slain by a goblin

Skill      XL: |  1  2 |
---------------+-------+-----
Maces & Flails | 1 |  1.9
Armour         | 1 |  1.5
Fighting       | 1 |  1.2
Dodging        | |  1.5
Stealth        | |  2.1
Spellcasting   | |  2.0
Summonings     | |  3.6

Action                   || total
-------------------------++-------
Melee: Unarmed           ||    39
       Whip              ||    26
       Mace              ||    49
  Use: Scroll            ||     3
       Potion            ||     1
 Stab: Sleeping          ||     2
  Eat: Chunk             ||     2
Armor: Robe              ||    33
Dodge: Dodged            ||    92
